Mecha, lawful female human Samurai ------ --------- |[...| ........| #-..[.| |.......| ###|....| ------------- -.......|#####.....| |`.........`| |.......|### ------ |.....`.....| +.......|# |...-----...| ----.----# |...|.{.|...|####%%%############### |..`|{.{|`..|% # # |...|.{.|...|# ### ### |...--.--...| # # |.....`.....|# ######### |`.........`.#########-.---------- # -------------# |..........| ######@Z############ |..........| |..........| ------------ Mecha the Joshu Experience level: 11 Strength: 15 Dexterity: 18 Constitution: 17 Intelligence: 9 Wisdom: 8 Charisma: 8 Health: 0(109) Energy: 40(40) AC: 10 Gold: 1856 Moves: 9248 Your Inventory: Coins $ - 1856 gold pieces Weapons a - an uncursed thoroughly rusty +0 katana (weapon in hand) c - an uncursed +0 yumi d - 12 uncursed +0 ya e - 2 blessed [+0] orcish arrows of fire z - 11 blessed [+0] arrows G - 3 blessed [+1] orcish arrows of fire (in quiver) Comestibles k - an uncursed lizard corpse u - an uncursed cram ration I - an uncursed pancake K - 5 uncursed gunyoki S - 2 uncursed fortune cookies V - an uncursed candy bar Scrolls i - a blessed scroll of teleportation v - a cursed scroll labeled SODALG [of destroy armor] w - an uncursed scroll labeled LEP GEX VEN ZEA [of magic mapping] C - an uncursed scroll labeled DAIYEN FOOELS [of enchant weapon] L - 2 uncursed unlabeled scrolls [of blank paper] M - an uncursed scroll labeled SODALG [of destroy armor] W - an uncursed scroll of identify Potions b - a blessed ruby potion [of blindness] m - 2 uncursed murky potions [of restore ability] o - an uncursed amber potion [of fruit juice] p - an uncursed dark green potion [of speed] r - 2 uncursed greasy potions [of object detection] F - a blessed greasy potion [of object detection] H - an uncursed emerald potion [of gain ability] T - a cursed luminescent potion [of sake] Rings f - an uncursed ring of conflict s - an uncursed ring of slow digestion (on right hand) N - a cursed ring of fire resistance O - an uncursed ring of free action Wands A - an uncursed wand called not revealed by engraving [of secret door detection (0:10)] P - a cursed wand called not revealed by engraving [of locking (0:4)] U - an uncursed wand of magic missile [0:0] X - an uncursed wand of magic missile [0:0] Tools h - an uncursed [oil] lamp n - an uncursed looking glass [mirror] q - an uncursed tin whistle t - an uncursed partly used [tallow] candle x - a cursed key [skeleton key] y - an uncursed [+0] unicorn horn Gems Z - an uncursed orange gem [worthless glass] Spells known in the end: Name Level Category Fail Memory a - sleep 1 enchantment 64% [||||||..] b - cure sickness 3 healing 100% [|||||||.] c - haste self 3 escape 100% [||||||||] d - knock 1 matter 64% [||||||||] Your skills at the end: Fighting Skills martial arts [Basic / Master] body armor [Basic / Expert] Weapon Skills short sword [Basic / Expert] long sword [Expert / Expert] bow [Skilled / Expert] Spellcasting Skills Final Attributes: You were piously aligned. Hunger level was 1466. Your alignment was 56 / 56. Monster difficulty range was 1 - 10. Level difficulty was 9. You had slower digestion. You were fast. Your luck was zero. You are dead. Vanquished creatures: a disenchanter 5 ghosts a giant mimic a large mimic a baby long worm 3 small mimics a quantum mechanic a wood golem a gelatinous cube a shocking sphere a large cat an energy vortex a pit viper a wraith a carnivorous ape an ettin zombie a chameleon a crocodile 2 giant beetles a cockatrice a wolf 2 winter wolf cubs a panther a spotted jelly 3 leprechauns 2 orc-captains an iron piercer a giant spider a scorpion a horse an ice vortex a black light a vampire bat 2 gnome kings an orc mummy 20 brown puddings 5 rust monsters 3 owlbears a yeti 2 lizards a chickatrice 2 dogs a dingo a housecat 3 dust vortices a plains centaur 2 snakes 2 human zombies 3 Woodland-elves 3 soldier ants a bugbear an imp a quasit a water nymph a mountain nymph 5 Mordor orcs 5 Uruk-hai 4 orc shamans 3 rock piercers an enormous rat a pony 2 yellow lights 2 violet fungi 8 gnome lords a gnomish wizard a kobold mummy 2 gray oozes a ghoul 2 paper golems 4 giant ants 2 little dogs 2 floating eyes 2 kittens 2 dwarves a kobold shaman 11 hill orcs 5 rothes 2 centipedes a giant bat 7 orc zombies a werejackal 3 iguanas 12 killer bees 3 acid blobs a coyote a gas spore 4 manes 2 large kobolds a giant rat 2 yellow molds 2 green molds 31 gnomes 9 gnome zombies 5 geckos 6 jackals a fox 11 goblins 5 sewer rats 4 grid bugs 7 lichens 2 kobold zombies 3 newts 295 creatures vanquished. Voluntary challenges: You used a wielded weapon 524 times. You read items or engraved 12 times. You put on armor 15 times. You never genocided any monsters. You never polymorphed an object. You changed form 1 time. You used no wishes. You wrote Elbereth's name 1 time. You encountered 1 bones level. You never used any Sokoban shortcuts. Dungeon overview: The Dungeons of Doom: levels 1 to 9 Level 1 a fountain a long staircase Level 4 a scroll shop, a fountain stairs to The Gnomish Mines Level 5 a fountain Level 6 a general store, a fountain Level 7 a fountain Level 8 (disenchanters) some altars, some fountains Level 9 <- You were here many fountains The Gnomish Mines: levels 5 to 8 Level 5 stairs to The Dungeons of Doom Level 8 (soldier ants downstairs) many shops, a temple, a magic chest, some fountains History has recorded: On T:1 you entered the Dungeons of Doom to retrieve the Amulet of Yendor! On T:378 you reached level 2 of The Dungeons of Doom. On T:676 you reached level 3 of The Dungeons of Doom. On T:688 you advanced to experience level 2. On T:785 you advanced to experience level 3. On T:1070 you reached level 4 of The Dungeons of Doom. On T:1088 you advanced to experience level 4. On T:1220 you advanced to experience level 5. On T:1307 you reached level 1 of The Gnomish Mines. On T:1429 you advanced to experience level 6. On T:1838 you reached level 2 of The Gnomish Mines. On T:1918 you advanced to experience level 7. On T:2182 you reached level 3 of The Gnomish Mines. On T:2639 you advanced to experience level 8. On T:3035 you advanced to experience level 9. On T:3832 you reached level 4 of The Gnomish Mines. On T:4343 you advanced to experience level 10. On T:4496 you reached level 5 of The Dungeons of Doom. On T:5422 you reached level 6 of The Dungeons of Doom. On T:5989 you reached level 7 of The Dungeons of Doom. On T:7607 you reached level 8 of The Dungeons of Doom. On T:7751 you advanced to experience level 11. On T:8488 you reached level 9 of The Dungeons of Doom. Latest messages: You destroy the ettin zombie! You see here a rotten ettin zombie corpse. [HP+2=65] You hit the energy vortex! You are jolted with electricity! The energy vortex engulfs you! The air around you crackles with electricity. [HP-16=49] You hit the energy vortex. The air around you crackles with electricity. [HP-6=43] You hit the energy vortex. (2x) You are jolted with electricity! The air around you crackles with electricity. You get expelled! The energy vortex engulfs you! [HP-22=21] You destroy the energy vortex! [HP+2=23] [HP+2=25] You hit the ettin zombie! The ettin zombie hits! (2x) [HP-15=10] You hit the ettin zombie! The ettin zombie hits! (2x) You die... Final status: Sayonara Mecha the Samurai... You died in The Dungeons of Doom on dungeon level 9 with 27866 points, and 1856 pieces of gold, after 9248 moves. You were level 11 with a maximum of 109 hit points when you died.